 Dungeon Crawl Stone Soup version 0.30-a0-778-g2ef04afb54 (webtiles) character file.

Game seed: 6382735906952741648

64 sircluck the Shield-Bearer (level 3, 0/33 HPs)
             Began as a Minotaur Fighter on Feb 16, 2023.
             Killed from afar by Sigmund (9 damage)
             ... with a puff of flame
             ... on level 2 of the Dungeon.
             The game lasted 00:03:15 (1299 turns).

sircluck the Shield-Bearer (Minotaur Fighter)       Turns: 1299, Time: 00:03:15

Health: 0/33       AC:  7    Str: 22    XL:     3   Next: 91%
Magic:  2/2        EV:  9    Int:  5    God:
Gold:   17         SH:  4    Dex:  9    Spells: 2/2 levels left

rFire   . . .      SeeInvis .    a - +0 trident
rCold   . . .      Faith    .    c - +0 buckler
rNeg    . . .      Spirit   .    b - +0 scale mail
rPois   .          Reflect  .    (helmet restricted)
rElec   .          Harm     .    (no cloak)
rCorr   .          Rampage  .    (no gloves)
Will    .....                    (no boots) Stlth
                                 (no amulet)
HPRegen 0.25/turn                (no ring)
MPRegen 0.08/turn                (no ring)

@: no status effects
A: horns 2, retaliatory headbutt
a: no special abilities


You were on level 2 of the Dungeon.
You visited 1 branch of the dungeon, and saw 4 of its levels.

You collected 17 gold pieces.

Inventory:

Hand Weapons
 a - a +0 trident (weapon)
Missiles
 m - 6 stones (quivered)
Armour
 b - a +0 scale mail (worn)
 c - a +0 buckler (worn)
Jewellery
 j - a ring of willpower
Scrolls
 f - a scroll of fog {unknown}
 h - a scroll of magic mapping {unknown}
 i - a scroll of fear {unknown}
Potions
 d - 2 potions of might
 e - a potion of resistance {unknown}
 g - 2 potions of berserk rage {unknown}
 k - a potion of attraction {unknown}
 l - a potion of curing {unknown}


   Skills:
 + Level 4.0 Fighting
 + Level 3.3 Polearms
 + Level 4.4 Armour
 + Level 0.1 Dodging
 + Level 4.4 Shields


You had 2 spell levels left.
You didn't know any spells.
Your spell library contained the following spells:

 Spells                   Type           Power      Damage    Failure   Level
 Cigotuvi's Dreadful Rot  Necr/Pois/Air  0%         N/A       95%         2
 Poisonous Vapours        Pois/Air       0%         N/A       95%         2
 Mephitic Cloud           Conj/Pois/Air  0%         N/A       99%         3


Dungeon Overview and Level Annotations

Branches:
Dungeon (4/15)
 Temple: D:4-7

Altars:
Ashenzari
Elyvilon
The Shining One

Annotations:
D:2 Sigmund


Innate Abilities, Weirdness & Mutations

You have a pair of horns on your head.
You reflexively headbutt those who attack you in melee.


Message History

No target in view!
No target in view!
No target in view!
No target in view!
No target in view!
Sigmund the Dreaded comes into view.
He is wielding a +0 scythe.
Sigmund points at you and mumbles some strange words.
The magic dart hits you.
Sigmund is nearby!
Sigmund is nearby!
Sigmund gestures wildly while chanting.
Sigmund flickers and vanishes!
Deactivating autopickup; reactivate with Ctrl-A.
No target in view!
No target in view!
No target in view!
No target in view!
No target in view!
No target in view!
No target in view!
No target in view!
No target in view!
No target in view!
No target in view!
You block something's attack.
You hit something. Your headbutt misses something. You barely miss something.
Something hits you.
You closely miss something. Something hits you!
You miss something. Something hits you.
You barely miss something. You block something's attack.
You closely miss something. You closely miss something. Something hits you.
You barely miss something. Something hits you.
* * * LOW HITPOINT WARNING * * *
You miss something. Something hits you but does no damage.
You miss something. You headbutt something.
You hear some strange, mumbled words.
A puff of flame appears from out of thin air!
The puff of flame hits you!
You die...

.........#
#.#####..# #..#
##..# #...#
.......#.#
#.######.# #.#
#.# #.# #@# #.#
#{# #.# #.# #.#
#.#
...#####.######.#
................#
.......#.########
..####.#.# #.#.#


There were no monsters in sight!

Vanquished Creatures
  3 dart slugs (D:1)
  7 orcs (D:3)
  4 ball pythons
  3 endoplasms (D:1)
  2 giant cockroaches (D:1)
  3 goblins
  3 hobgoblins (D:1)
  4 jackals (D:1)
  A quokka (D:4)
  5 bats
  4 frilled lizards (D:1)
  6 kobolds
45 creatures vanquished.

Notes
Turn   | Place    | Note
-------+----------+-------------------------------------------
     0 | D:1      | sircluck the Minotaur Fighter began the quest for the Orb.
     0 | D:1      | Reached XP level 1. HP: 19/19 MP: 0/0
   215 | D:1      | Reached XP level 2. HP: 27/27 MP: 1/1
   401 | D:1      | Reached XP level 3. HP: 31/33 MP: 2/2
  1126 | D:2      | You fall into a shaft and drop 2 floors!
  1168 | D:3      | Found a glowing golden altar of the Shining One.
  1168 | D:3      | Found a broken altar of Ashenzari.
  1171 | D:3      | Found a white marble altar of Elyvilon.
  1285 | D:2      | Noticed Sigmund
  1299 | D:2      | Killed from afar by Sigmund

Illustrated notes

Levels and vault maps discovered:
D:1:      eino_arrival_water_star, layout_basic, st_stairs_10,
          serial_bayou_pond_a
D:2:      layout_basic, uniq_sigmund
D:3:      layout_loops_corners, nicolae_overflow_hidden_temple
D:4:      layout_cave_pools, nicolae_qazlal_eye_of_the_storm,
          mainiacjoe_overflow_tiny_flanked

Skill      XL: |  1  2  3 |
---------------+----------+-----
Armour         | 4 |  4.4
Shields        | 4 |  4.4
Polearms       | 3 |  3.3
Fighting       | 4 |  4.0
Dodging        | |  0.1

Action                     || total
---------------------------++-------
  Melee: Trident           ||   111
         Headbutt          ||    10
 Armour: Scale mail        ||    36
  Dodge: Dodged            ||    37
  Block: Buckler           ||    18

Table legend: (Time is in decaauts)
 A = Elapsed time spent in this place.
 B = Non-inter-level travel time spent in this place.
 C = Inter-level travel time spent in this place.
 D = Time resting spent in this place.
 E = Time spent auto-exploring this place.
 F = Levels seen in this place.
 G = Mean time per level.
                   A        B        C        D        E       F      G
               +--------+--------+--------+--------+--------+-----+--------+
         Total |   1321 |   1190 |    131 |      0 |    898 |   4 |  330.2 |
       Dungeon |   1321 |   1190 |    131 |      0 |    898 |   4 |  330.2 |
               +--------+--------+--------+--------+--------+-----+--------+

Top non-repeatable levels by time:
     D:1: 1129 daAuts
     D:3: 86 daAuts
     D:2: 56 daAuts
     D:4: 47 daAuts
